 Dungeon Crawl Stone Soup version 0.21.1-1-g345015fe64 (webtiles) character file.

123549 DwarfAlpaca the Unseen (level 16, 0/86 HPs)
             Began as a Spriggan Enchanter on Apr 13, 2018.
             Was the Champion of Ashenzari.
             Shot with an arrow by a naga sharpshooter (13 damage)
             ... on level 3 of the Snake Pit on Apr 14, 2018.
             The game lasted 02:45:57 (37119 turns).

DwarfAlpaca the Unseen (Spriggan Enchanter)        Turns: 37119, Time: 02:45:57

Health: 0/86       AC:  5    Str:  8    XL:     16   Next: 37%
Magic:  30/35      EV: 22    Int: 25    God:    Ashenzari [******]
Gold:   1904       SH:  0    Dex: 19    Spells: 27/43 levels left

rFire    . . .     SeeInvis +   r - +4 Vampire's Tooth {vamp} (curse)
rCold    . . .     Gourm    .   (shield restricted)
rNeg     . . .     Faith    .   U - +2 robe of Luicadgh {Str+4} (curse)
rPois    +         Spirit   .   t - +1 hat (curse)
rElec    .         Reflect  .   (no cloak)
rCorr    .         Harm     .   (gloves unavailable)
MR       +++..     Clarity  +   (boots unavailable)
Stlth    ++++++++..             V - amulet of magic regeneration (curse)
HPRegen  0.24/turn              I - ring "Kudygi Boewn" {MR+ Int+4 Slay+6} (curse)
MPRegen  0.49/turn              G - ring of poison resistance (curse)

@: very quick
A: very small, unfitting armour, see invisible, herbivore, speed 3, slow
metabolism 2
a: Curse Item, Scrying, Transfer Knowledge, Renounce Religion


You were on level 3 of the Snake Pit.
You worshipped Ashenzari.
Ashenzari was exalted by your worship.
You were not hungry.

You visited 5 branches of the dungeon, and saw 27 of its levels.

You collected 2410 gold pieces.
You spent 506 gold pieces at shops.

Inventory:

Hand Weapons
 r - the cursed +4 Vampire's Tooth (weapon) {vamp}
   (You found it on level 6 of the Dungeon)

   It inflicts no extra harm, but heals its wielder when it wounds a living foe.
   It has a curse placed upon it.
Missiles
 u - 4 throwing nets (quivered)
Armour
 t - a cursed +1 hat (worn)
 U - the cursed +2 robe of Luicadgh (worn) {Str+4}
   (You bought it in a shop on level 2 of the Orcish Mines)

   It affects your strength (+4).
   It has a curse placed upon it.
Jewellery
 G - a cursed ring of poison resistance (right hand)
 I - the cursed ring "Kudygi Boewn" (left hand) {MR+ Int+4 Slay+6}
   (You found it on level 6 of the Lair of Beasts)

   [ring of protection from magic]

   It affects your intelligence (+4).
   It affects your accuracy and damage with ranged weapons and melee attacks
   (+6).
   It affects your resistance to hostile enchantments.
   It has a curse placed upon it.
 V - a cursed amulet of magic regeneration (around neck)
Wands
 a - a wand of acid (7)
 D - a wand of flame (36)
 J - a wand of disintegration (12)
 N - a wand of enslavement (15)
 O - a wand of digging (13)
 P - a wand of polymorph (8)
 S - a wand of iceblast (18)
Scrolls
 b - a scroll of random uselessness {unknown}
 f - 18 scrolls of identify
 g - 2 scrolls of vulnerability {unknown}
 h - 2 scrolls of brand weapon {unknown}
 i - 8 scrolls of remove curse
 k - 2 scrolls of fear {unknown}
 n - 5 scrolls of immolation {unknown}
 o - 7 scrolls of fog {unknown}
 p - 6 scrolls of magic mapping {unknown}
 q - 5 scrolls of enchant weapon {unknown}
 s - 11 scrolls of teleportation
 y - a scroll of amnesia
 C - 5 scrolls of enchant armour {unknown}
 H - 3 scrolls of noise {unknown}
 M - 2 scrolls of summoning {unknown}
 Q - 2 scrolls of blinking {unknown}
 R - a scroll of silence {unknown}
 T - a scroll of acquirement {unknown}
Potions
 c - a potion of mutation {unknown}
 e - 2 potions of magic {unknown}
 j - 5 potions of curing
 l - 4 potions of might
 m - 2 potions of lignification
 v - 3 potions of heal wounds
 x - 5 potions of flight {unknown}
 z - 5 potions of haste {unknown}
 A - 7 potions of agility {unknown}
 B - a potion of cancellation {unknown}
 E - 2 potions of ambrosia {unknown}
 K - 2 potions of resistance
Comestibles
 d - 42 rations


   Skills:
 - Level 10.8 Fighting
 + Level 14.6(18.6) Short Blades
 - Level 3.0(5.6) Dodging
 + Level 19.7(22.0) Stealth
 - Level 14.2 Spellcasting
 + Level 5.0(9.4) Conjurations
 + Level 16.0(19.9) Hexes


You had 27 spell levels left.
You knew the following spells:

 Your Spells              Type           Power        Failure   Level  Hunger
a - Corona                Hex            #######      0%          1    None
b - Ensorcelled Hibernat  Hex/Ice        ######       1%          2    None
c - Confuse               Hex            #######.     0%          3    None
d - Tukima's Dance        Hex            #######.     0%          3    None
e - Dazzling Spray        Conj/Hex       ######       1%          3    None
f - Passwall              Tmut/Erth      ###.......   3%          2    None
g - Blink                 Tloc           N/A          3%          2    None


Dungeon Overview and Level Annotations

Branches:
Dungeon (15/15)            Temple (1/1) D:6            Lair (6/6) D:10
 Shoals (0/4) Lair:4        Snake (3/4) Lair:3        Slime (0/5) Lair:5
    Orc (2/2) D:10            Elf (0/3) Orc:2        Vaults (0/5) D:14
 Depths (0/5) D:15

Altars:
Ashenzari
Cheibriados
Dithmenos
Elyvilon
Fedhas
Gozag
Hepliaklqana
Kikubaaqudgha
Makhleb
Nemelex Xobeh
Okawaru
Qazlal
Ru
Sif Muna
Trog
Uskayaw
Vehumet
Wu Jian
Xom
Yredelemnul
Zin
The Shining One
Jiyva

Shops:
D:7 *   D:10 **(*}   Orc:2 %[(=

Annotations:
D:4 Menkaure
D:6 Prince Ribbit
D:11 1 runed door, exclusion: obsidian statue


Innate Abilities, Weirdness & Mutations

You are very small and have problems with some larger weapons.
You are too small for most types of armour.
You have supernaturally acute eyesight. (SInv)
You are a herbivore.
You cover ground extremely quickly.
You need consume almost no food.


Message History

Aim: a naga sharpshooter, wielding an arbalest and wearing a robe (chance to defeat MR: 37%)
The naga sharpshooter easily resists.
The naga sharpshooter shoots a bolt.
The bolt hits you!!
The naga sharpshooter unwields an uncursed hand axe.
The naga sharpshooter wields an uncursed shortbow.
The naga sharpshooter shoots an arrow.
The arrow completely misses you.
Casting: Confuse
Confirm with . or Enter, or press ? or * to list all spells.
Aiming: Confuse
Press: ? - help, Shift-Dir - straight line, f/p - naga sharpshooter
Aim: a naga sharpshooter, wielding an arbalest and wearing a robe (chance to defeat MR: 37%)
The naga sharpshooter easily resists.
The naga sharpshooter mumbles some strange words.
The naga sharpshooter magically shoots a bolt.
The bolt hits you!!
* * * LOW HITPOINT WARNING * * *
The naga sharpshooter mumbles some strange words.
The naga sharpshooter magically shoots an arrow.
The arrow hits you!
You die...

.....)..)........##*##***
.......).##......###
...................#
.#...............#.#*####
..)..###.#...............
.#...#
#.#.............$.*
.....# #.##......#....NN
.....# #.###.^.#.##...# *
.#...# #.# ###.@##...#
##...# #.# ####.#.N...#
#...###.###.....N#...#
####.......>##.#....##
##.......####...####
###.............###
.............##.#
.............#..#
###............##


You could see 2 naga sharpshooters.

Vanquished Creatures
  Agnes (D:15)
  The ghost of asdpro the Phalangite, a journeyman MfGl of Hepliaklqana (Orc:1)
  2 entropy weavers (Lair:6)
  A dire elephant (Lair:6)
  9 hydras
  10 naga warriors
  Fannar (D:11)
  A yaktaur captain (D:15)
  The ghost of VanClaymore the Basher, a journeyman GrMo of Qazlal (D:13)
  Erica (D:10)
  A catoblepas (Lair:6)
  4 two-headed ogres
  3 anacondas
  A death knight (D:15)
  2 centaur warriors
  A queen ant (Lair:6)
  19 death yaks
  A tengu warrior (D:15)
  A deep troll shaman (Lair:6)
  4 orc high priests (Orc:2)
  3 shock serpents
  4 naga sharpshooters
  Sonja (Lair:4)
  A salamander mystic (Snake:1)
  5 skeletal warriors
  2 naga ritualists
  2 unseen horrors
  An orc knight (Orc:2)
  2 wizards (D:14)
  2 wolf spider zombies (D:9)
  A necromancer (D:14)
  2 deep elf magi
  4 ugly things (D:15)
  2 phantasmal warriors (D:15)
  6 mana vipers
  2 orc sorcerers (Orc:2)
  An oklob plant (Lair:6)
  A manticore (D:11)
  4 cyclopes
  7 elephants
  6 salamanders
  3 guardian serpents
  4 merfolk sirens (Lair:4)
  7 centaur zombies
  11 naga magi
  A gargoyle (D:11)
  21 black mambas
  11 spiny frogs
  4 rime drakes
  7 komodo dragons
  A freezing wraith (D:15)
  A yaktaur (D:15)
  2 hellwings (D:8)
  A tengu conjurer (D:15)
  7 trolls
  3 polar bears
  Grinder (D:3)
  5 slime creatures (D:13)
  A meliai zombie (D:14)
  8 blink frogs
  A blink frog (shapeshifter) (D:15)
  A hippogriff (shapeshifter) (D:14)
  13 hippogriffs
  Sigmund (D:6)
  A spriggan (Lair:1)
  3 wyverns
  4 hungry ghosts
  A vampire (D:14)
  A golden eye (shapeshifter) (D:15)
  12 yaks
  2 wraiths
  A basilisk (Lair:2)
  6 vampire mosquitoes (D:12)
  2 wargs (Orc:1)
  28 nagas
  6 soldier ants
  An acid dragon (D:13)
  Edmund (D:6)
  7 water moccasins
  18 orc warriors
  9 porcupines
  4 black bears
  4 phantoms
  4 ice beasts
  A necrophage (D:9)
  5 eyes of draining
  A sky beast (D:10)
  7 ogres
  21 centaurs
  5 wolves (Lair:6)
  The ghost of VanClaymore the Cudgeler, an amateur GrMo (D:3)
  14 crocodiles
  Blork the orc (D:5)
  A big kobold (D:10)
  12 bullfrogs
  A wyvern zombie (D:14)
  3 wyvern skeletons
  4 scorpions
  21 killer bees
  12 wights
  A troll skeleton (D:9)
  3 electric eels (Snake:2)
  2 vampire bats (D:6)
  2 howler monkeys
  A bullfrog zombie (D:6)
  A crimson imp (D:9)
  6 jellies
  A quasit (D:9)
  4 centaur skeletons
  A gnoll shaman (D:6)
  30 orc priests
  6 hounds
  2 human zombies (D:9)
  An iguana (D:8)
  35 orc wizards
  34 worker ants
  Natasha (D:3)
  An ogre zombie (D:9)
  An ogre skeleton (D:9)
  3 mummies (D:9)
  A hound skeleton (D:4)
  5 gnolls (D:6)
  11 adders
  8 shadow imps
  5 oozes (D:10)
  An adder zombie (D:9)
  2 adder skeletons
  4 worms
  4 leopard geckos
  96 orcs
  5 giant cockroaches
  9 goblins
  6 hobgoblins
  12 jackals
  8 quokkas
  A ball python (D:1)
  7 bats
  3 frilled lizards
  A jackal skeleton (D:6)
  A jackal zombie (D:6)
  21 kobolds
  A leopard gecko skeleton (D:4)
  An orc zombie (D:9)
  A quokka skeleton (D:4)
  4 rats
  A fungus (Lair:3)
  A plant (Lair:6)
820 creatures vanquished.

Vanquished Creatures (collateral kills)
  An ogre (D:11)
  5 wights
  2 orcs
8 creatures vanquished.

Vanquished Creatures (others)
  A dancing weapon (D:11)
  7 fungi
  7 plants
  6 withered plants (D:9)
21 creatures vanquished.

Grand Total: 849 creatures vanquished

Notes
Turn   | Place    | Note
-------+----------+-------------------------------------------
     0 | D:1      | DwarfAlpaca the Spriggan Enchanter began the quest for the Orb.
     0 | D:1      | Reached XP level 1. HP: 9/9 MP: 5/5
   665 | D:1      | Reached XP level 2. HP: 13/13 MP: 3/6
   669 | D:1      | Learned a level 2 spell: Ensorcelled Hibernation
  1090 | D:2      | Reached XP level 3. HP: 14/17 MP: 5/8
  1274 | D:2      | Reached skill level 5 in Stealth
  1885 | D:3      | Reached XP level 4. HP: 15/21 MP: 2/10
  2030 | D:3      | Found a radiant altar of Vehumet.
  2153 | D:3      | Reached skill level 1 in Fighting
  2201 | D:3      | Noticed VanClaymore's ghost (amateur GrMo)
  2255 | D:3      | Learned a level 3 spell: Confuse
  2259 | D:3      | Learned a level 3 spell: Tukima's Dance
  2378 | D:3      | Noticed a centaur
  2381 | D:3      | Killed a centaur
  2381 | D:3      | Reached XP level 5. HP: 25/25 MP: 10/12
  2592 | D:3      | Killed VanClaymore's ghost
  2592 | D:3      | Reached skill level 6 in Stealth
  2592 | D:3      | Reached XP level 6. HP: 30/30 MP: 6/13
  2721 | D:3      | Reached skill level 5 in Hexes
  2999 | D:3      | Noticed Grinder
  3020 | D:3      | Killed Grinder
  3151 | D:4      | Noticed Natasha
  3166 | D:3      | Killed Natasha
  3166 | D:3      | Reached XP level 7. HP: 31/35 MP: 5/15
  3282 | D:4      | Found an ornate altar of the Wu Jian Council.
  3783 | D:4      | Found an opulent altar of Gozag.
  3906 | D:4      | Reached skill level 7 in Stealth
  3906 | D:4      | Reached skill level 5 in Spellcasting
  3982 | D:4      | Noticed Menkaure
  3986 | D:4      | Found a white marble altar of Elyvilon.
  3986 | D:4      | Found a shimmering altar of Xom.
  3987 | D:4      | Found a shattered altar of Ashenzari.
  4775 | D:5      | Entered Level 5 of the Dungeon
  4776 | D:5      | Found an iron altar of Okawaru.
  5053 | D:5      | Noticed Blork the orc
  5058 | D:5      | Killed Blork the orc
  5356 | D:5      | Found a bloodstained altar of Trog.
  5547 | D:5      | Reached XP level 8. HP: 40/40 MP: 8/17
  5655 | D:5      | Reached skill level 8 in Stealth
  5989 | D:6      | Reached skill level 5 in Short Blades
  6256 | D:6      | Found a staircase to the Ecumenical Temple.
  6526 | Temple   | Entered the Ecumenical Temple
  7005 | D:4      | Became a worshipper of Ashenzari the Shackled
  7066 | D:6      | Identified the ring of the Fifty Places {Dex+4 Stlth-}
  7153 | D:6      | Found the +4 Vampire's Tooth {vamp}
  7239 | D:6      | Noticed Edmund
  7241 | D:6      | Noticed Sigmund
  7307 | D:6      | Killed Sigmund
  7307 | D:6      | Reached skill level 9 in Stealth
  7419 | D:6      | Killed Edmund
  7498 | D:6      | Reached XP level 9. HP: 45/45 MP: 16/20
  7793 | D:7      | Noticed Prince Ribbit
  8456 | D:7      | Found Nafeid's Assorted Antiques.
  8578 | D:7      | Learned a level 3 spell: Dazzling Spray
  8811 | D:7      | Reached skill level 10 in Stealth
  9232 | D:7      | Found a burning altar of Makhleb.
  9376 | D:8      | Reached * piety under Ashenzari
  9556 | D:8      | Found a hide-covered altar of Uskayaw.
  9685 | D:8      | Found a stormy altar of Qazlal.
 10217 | D:7      | Reached skill level 5 in Fighting
 10915 | D:9      | Reached XP level 10. HP: 51/51 MP: 23/23
 11523 | D:9      | Reached skill level 11 in Stealth
 12490 | D:9      | Reached skill level 12 in Stealth
 12847 | D:9      | Reached XP level 11. HP: 40/56 MP: 22/25
 12985 | D:9      | Found a basalt altar of Yredelemnul.
 13371 | D:9      | Reached skill level 10 in Hexes
 13556 | D:10     | Entered Level 10 of the Dungeon
 13557 | D:10     | Found a staircase to the Lair.
 13722 | D:10     | Found Ojuthradi's Antique Weapon Shop.
 13942 | D:10     | Found Naka's Gadget Shop.
 13942 | D:10     | Found Sorauss's Assorted Antiques.
 13946 | D:10     | Found Uhau's General Store.
 14056 | D:10     | Found a staircase to the Orcish Mines.
 14083 | D:10     | Reached ** piety under Ashenzari
 14085 | D:10     | Noticed Erica
 14113 | D:10     | Killed Erica
 14152 | D:10     | Reached skill level 10 in Spellcasting
 14243 | D:10     | Found Xeplu's Assorted Antiques.
 14536 | D:10     | Reached skill level 13 in Stealth
 14825 | D:11     | Noticed an unseen horror
 14830 | D:11     | Killed an unseen horror
 15105 | D:11     | Found a runed door.
 15129 | D:11     | Found a runed door.
 15213 | D:11     | Found a runed door.
 15407 | D:11     | Found a runed door.
 16278 | D:11     | Noticed an obsidian statue
 16279 | D:11     | Noticed a sun demon
 16474 | D:12     | Reached XP level 12. HP: 63/63 MP: 22/27
 17009 | D:12     | Noticed Fannar
 17024 | D:11     | Killed Fannar
 17164 | D:12     | Reached skill level 14 in Stealth
 17182 | D:12     | Reached skill level 10 in Short Blades
 17525 | Lair:1   | Entered Level 1 of the Lair of Beasts
 17525 | Lair:1   | Reached *** piety under Ashenzari
 18082 | Lair:1   | Noticed a six-headed hydra
 18089 | Lair:1   | Killed a six-headed hydra
 18382 | Lair:2   | Noticed a four-headed hydra
 18524 | Lair:2   | Killed a four-headed hydra
 18668 | Lair:2   | Noticed a death yak
 18751 | Lair:2   | Noticed an eight-headed hydra
 18758 | Lair:2   | Killed an eight-headed hydra
 18853 | Lair:2   | Reached **** piety under Ashenzari
 19003 | Lair:2   | Noticed a death yak
 19004 | Lair:2   | Noticed a death yak
 19005 | Lair:2   | Killed a death yak
 19005 | Lair:2   | Reached skill level 15 in Stealth
 19103 | Lair:2   | Killed a death yak
 19365 | Lair:2   | Killed a death yak
 19757 | Lair:3   | Reached XP level 13. HP: 69/69 MP: 30/30
 20908 | Lair:3   | Found a staircase to the Snake Pit.
 21141 | Lair:4   | Found a staircase to the Shoals.
 22047 | Lair:4   | Noticed Sonja
 22504 | Lair:5   | Reached skill level 16 in Stealth
 22742 | Lair:5   | Found a viscous altar of Jiyva.
 22743 | Lair:5   | Found a staircase to the Slime Pits.
 23836 | Lair:6   | Entered Level 6 of the Lair of Beasts
 23875 | Lair:6   | Identified the ring "Kudygi Boewn" {MR+ Int+4 Slay+6}
 23923 | Lair:6   | Reached ***** piety under Ashenzari
 24049 | Lair:6   | Reached XP level 14. HP: 75/75 MP: 29/32
 24852 | Lair:6   | Identified the +6 ring mail of Disguise {*Corrode Str+5 Dex+3} (You found it on level 11 of the Dungeon)
 25332 | Lair:6   | Reached skill level 17 in Stealth
 25397 | Lair:6   | Noticed an entropy weaver
 25447 | Lair:6   | Noticed an entropy weaver
 25523 | Lair:6   | Killed an entropy weaver
 25587 | Lair:6   | Killed an entropy weaver
 25997 | Lair:4   | Killed Sonja
 26332 | D:13     | Noticed VanClaymore's ghost (journeyman GrMo)
 26353 | D:13     | Killed VanClaymore's ghost
 26353 | D:13     | Reached skill level 10 in Fighting
 28800 | D:14     | Learned a level 2 spell: Passwall
 28803 | D:14     | Learned a level 2 spell: Blink
 28979 | D:14     | Reached XP level 15. HP: 80/80 MP: 31/34
 28983 | D:14     | Found a deep blue altar of Sif Muna.
 29163 | D:14     | Found a gate to the Vaults.
 29298 | D:15     | Entered Level 15 of the Dungeon
 29349 | D:15     | Reached skill level 18 in Stealth
 29359 | D:15     | Reached skill level 1 in Conjurations
 29568 | D:15     | Found a staircase to the Depths.
 29638 | D:15     | Noticed Agnes
 29641 | D:15     | Killed Agnes
 30388 | Orc:1    | Entered Level 1 of the Orcish Mines
 30388 | Orc:1    | Reached ****** piety under Ashenzari
 30550 | Orc:2    | Entered Level 2 of the Orcish Mines
 30550 | Orc:2    | Found a staircase to the Elven Halls.
 30630 | Orc:1    | Noticed asdpro's ghost (journeyman MfGl)
 30909 | Orc:1    | Killed asdpro's ghost
 32632 | Orc:2    | Reached skill level 15 in Hexes
 32719 | Orc:2    | Found Ceetupyi's Food Emporium.
 32720 | Orc:2    | Found Yrete's Antique Armour Emporium.
 32724 | Orc:2    | Found Atep's Weapon Shoppe.
 32724 | Orc:2    | Found Xahoag's Jewellery Shoppe.
 32774 | Orc:2    | Bought a warped robe for 176 gold pieces
 32774 | Orc:2    | Identified the +2 robe of Luicadgh {Str+4} (You bought it in a shop on level 2 of the Orcish Mines)
 32777 | Orc:2    | Bought an uncursed amulet of magic regeneration for 330 gold pieces
 32915 | Snake:1  | Entered Level 1 of the Snake Pit
 34205 | Snake:2  | Reached skill level 19 in Stealth
 34835 | Snake:2  | Noticed a nagaraja
 34917 | Snake:2  | Reached XP level 16. HP: 84/86 MP: 29/35
 37027 | Snake:3  | Reached skill level 5 in Conjurations
 37119 | Snake:3  | Shot with an arrow by a naga sharpshooter

Skill      XL: |  1  2  3  4  5  6  7  8  9 10 11 12 13 14 15 16 |
---------------+-------------------------------------------------+-----
Spellcasting   | 3 4 5 6 8 9 10 12 13 14 | 14.2
Hexes          | 4 5 6 7 8 9 11 12 13 14 15 16 | 16.0
Stealth        | 5 6 7 9 10 12 13 15 16 17 19 | 19.7
Short Blades   | 2 3 4 5 7 8 9 10 12 13 14 | 14.6
Fighting       | 1 2 3 4 5 6 7 8 9 10 | 10.8
Conjurations   | 4 5 |  5.0
Dodging        | |  3.0

Action                   |  1- 3 |  4- 6 |  7- 9 | 10-12 | 13-15 | 16-18 || total
-------------------------+-------+-------+-------+-------+-------+-------++-------
Melee: Dagger            |   130 |    57 |   463 |   662 |  1110 |   124 ||  2546
 Cast: Corona            |     5 |       |     6 |     4 |    15 |     1 ||    31
       Ensorcelled Hiber |    15 |    10 |    74 |    81 |   103 |     3 ||   286
       Confuse           |       |     3 |    28 |   109 |   314 |    71 ||   525
       Tukima's Dance    |       |     1 |     2 |     8 |       |       ||    11
       Dazzling Spray    |       |       |     1 |     1 |     2 |       ||     4
       Passwall          |       |       |       |       |     4 |     4 ||     8
       Blink             |       |       |       |       |     1 |       ||     1
Invok: Curse Item        |       |       |     2 |       |     5 |       ||     7
Evoke: Wand              |       |       |       |     5 |    11 |       ||    16
  Use: Scroll            |       |       |     7 |       |     3 |     1 ||    11
 Stab: Sleeping          |    15 |    15 |    56 |    95 |   115 |     8 ||   304
       Distracted        |     1 |       |     4 |     6 |    20 |     4 ||    35
       Confused          |       |     4 |    15 |    66 |   148 |    37 ||   270
       Invisible         |       |       |       |       |     2 |       ||     2
       Petrified         |       |       |       |       |     1 |       ||     1
  Eat: Ration            |       |     3 |     5 |     4 |     8 |     1 ||    21
Armor: Robe              |    13 |     2 |    21 |    24 |    19 |     1 ||    80
Dodge: Dodged            |   100 |    28 |   278 |   284 |   426 |    61 ||  1177
